Construct Infanterie Kompanie
Selects Breakthrough Battlegroup
Selects Assault Grenadiers
Construct Panzergrenadier Kompanie
Pak 40 Anti-tank Gun Team
Nebelwerfer 42 Rocket Launcher Team
Selects Incendiary Bombing Run
Nebelwerfer 42 Rocket Launcher Team
Construct Luftwaffe Kompanie